 Dungeon Crawl Stone Soup version 0.29.1-12-g30fa7ad0bf (webtiles) character file.

Game seed: 607206187526532095

394 javelincjr the Magician (level 6, -5/29 HPs)
             Began as a Spriggan Conjurer on Jan 10, 2023.
             Slain by Natasha (6 damage)
             ... on level 3 of the Dungeon.
             The game lasted 00:18:14 (3878 turns).

javelincjr the Magician (Spriggan Conjurer)         Turns: 3878, Time: 00:18:14

Health: -5/29      AC:  3    Str:  5    XL:     6   Next: 52%
Magic:  3/14       EV: 21    Int: 20    God:
Gold:   158        SH:  0    Dex: 13    Spells: 12/15 levels left

rFire   . . .      SeeInvis +   n - +2 quarterstaff (chaos)
rCold   . . .      Faith    .   (shield currently unavailable)
rNeg    . . .      Spirit   .   a - +0 robe
rPois   .          Reflect  .   (helmet restricted)
rElec   .          Harm     .   o - +0 cloak
rCorr   .          Rampage  .   (gloves unavailable)
Will    +....                   (boots unavailable)
Stlth   ++........              (no amulet)
HPRegen 0.09/turn               f - +4 ring of evasion
MPRegen 0.14/turn               (no ring)

@: very quick
A: very small, no large weapons, unfitting armour, see invisible, speed 3, no
potion heal 1
a: no special abilities


You were on level 3 of the Dungeon.
You visited 1 branch of the dungeon, and saw 4 of its levels.

You collected 158 gold pieces.

Inventory:

Hand Weapons
 e - a +1 dagger
 n - a +2 quarterstaff of chaos (weapon)
Missiles
 p - 3 poisoned darts
Armour
 a - a +0 robe (worn)
 o - a +0 cloak (worn)
Jewellery
 f - a +4 ring of evasion (left hand)
Wands
 l - a wand of flame (10)
Scrolls
 g - 3 scrolls of identify
 i - 2 scrolls of teleportation {unknown}
 j - 2 scrolls of poison
 q - a scroll of vulnerability {unknown}
 r - 3 scrolls of silence {unknown}
Potions
 b - a potion of magic
 c - 2 potions of degeneration
 d - a potion of ambrosia
 h - 2 potions of curing {unknown}
 k - 2 potions of cancellation {unknown}
 m - a potion of resistance {unknown}


   Skills:
 + Level 0.3 Fighting
 + Level 0.1 Staves
 + Level 3.7 Dodging
 + Level 3.9 Stealth
 + Level 5.1 Spellcasting
 + Level 4.7 Conjurations


You had 12 spell levels left.
You knew the following spells:

 Your Spells              Type           Power      Damage    Failure   Level
a - Magic Dart            Conj           96%        1d7       1%          1
b - Searing Ray           Conj           48%        2d6       2%          2

Your spell library contained the following spells:

 Spells                   Type           Power      Damage    Failure   Level
 Sandblast                Erth           10%        2d5       12%         1
 Dazzling Flash           Conj/Hex       28%        N/A       13%         3
 Stone Arrow              Conj/Erth      28%        3d8       13%         3
 Passwall                 Tmut/Erth      4%         N/A       17%         2
 Fulminant Prism          Conj/Hex       7%         3d7       38%         4
 Iskenderun's Mystic Bla  Conj/Tloc      14%        2d5       38%         4


Dungeon Overview and Level Annotations

Branches:
Dungeon (4/15)
 Temple: D:4-7

Altars:
Kikubaaqudgha
Makhleb
Nemelex Xobeh
Zin

Shops:
D:2 (   D:3 [

Annotations:
D:3 Natasha


Innate Abilities, Weirdness & Mutations

You are very small and have problems with some larger weapons.
You are too small for most types of armour.
You have supernaturally acute eyesight. (SInv)
You cover ground extremely quickly. (Speed+++)
Potions are less effective at restoring your health.


Message History

You climb upwards.
The crimson imp disappears in a puff of smoke!
There is a stone staircase leading down here.
Natasha attacks as you move away! Natasha closely misses you.
You feel yourself speed up. The orc barely misses you.
Casting: Searing Ray (safe; 2% risk of failure)
Confirm with . or Enter, or press ? or * to list all spells.
Aiming: Searing Ray (safe; 2% risk of failure)
Press: ? - help, Shift-Dir - straight line, f - orc
Aim: an orc, wielding a +0 falchion (moderately wounded, 79% to hit)
The searing ray hits the orc.
You kill the orc!
The searing ray misses Natasha. (Press . to maintain the ray.)
The searing ray misses Natasha.
The searing ray hits Natasha.
Natasha is moderately wounded.
The searing ray hits Natasha.
Natasha is heavily wounded.
You finish channelling your searing ray.
Natasha completely misses you.
You closely miss Natasha.
Natasha is heavily wounded.
Natasha claws you!
* * * LOW HITPOINT WARNING * * *
Natasha claws you!
* * * LOW HITPOINT WARNING * * *
Casting: Searing Ray (safe; 2% risk of failure)
Confirm with . or Enter, or press ? or * to list all spells.
Okay, then.
Okay, then.
Okay, then.
You barely miss Natasha.
Natasha is heavily wounded.
Natasha completely misses you.
You completely miss Natasha.
Natasha is heavily wounded.
Natasha claws you.
You die...

## .# ########## .#
#........##### .# ##.######.....#
.########...#########.##
.##.....).#.....@h.)...# #####
.##.#####...#########..######....
.##.######.## #.>.......###
...........# #.....######
###.######## #...#......## ....#
#...#.##.#... ##### #...#.#.##..#
#...#.##.#.## ##### #.....#.##..#


You could see Natasha.

Vanquished Creatures
  Sigmund (D:3)
  Crazy Yiuf (D:3)
  An iguana (D:4)
  An orc wizard (D:4)
  3 gnolls (D:2)
  4 adders
  A worm (D:3)
  A dart slug (D:3)
  3 orcs
  8 endoplasms
  6 giant cockroaches
  5 goblins
  5 hobgoblins
  6 jackals
  7 kobolds
  4 quokkas
  6 ball pythons
  7 bats
  6 frilled lizards (D:1)
  3 rats
79 creatures vanquished.

Vanquished Creatures (others)
  3 fungi (D:3)
3 creatures vanquished.

Grand Total: 82 creatures vanquished

Notes
Turn   | Place    | Note
-------+----------+-------------------------------------------
     0 | D:1      | javelincjr the Spriggan Conjurer began the quest for the
                  | Orb.
     0 | D:1      | Reached XP level 1. HP: 9/9 MP: 5/5
   275 | D:1      | Reached XP level 2. HP: 11/13 MP: 0/6
   569 | D:1      | Learned a level 2 spell: Searing Ray
   646 | D:1      | Found a faded altar of an unknown god.
   789 | D:1      | Reached skill level 3 in Spellcasting
   951 | D:2      | Reached XP level 3. HP: 16/16 MP: 2/8
  1242 | D:2      | Found an ancient bone altar of Kikubaaqudgha.
  1516 | D:2      | Reached XP level 4. HP: 5/21 MP: 5/10
  1957 | D:2      | Found Gifen's Antique Weapon Shop.
  2285 | D:2      | Gained mutation: Potions are less effective at restoring
                  | your health. [potion of mutation]
  2627 | D:3      | Found a runed translucent door.
  2628 | D:3      | Noticed Crazy Yiuf
  2637 | D:3      | Killed Crazy Yiuf
  2916 | D:3      | Found Eczaced's Antique Armour Emporium.
  2918 | D:3      | Reached XP level 5. HP: 24/24 MP: 8/11
  3275 | D:3      | Noticed Sigmund
  3343 | D:3      | Killed Sigmund
  3344 | D:3      | Reached skill level 4 in Spellcasting
  3344 | D:3      | Reached XP level 6. HP: 28/28 MP: 3/14
  3763 | D:4      | Found a burning altar of Makhleb.
  3828 | D:4      | Found a sparkling altar of Nemelex Xobeh.
  3828 | D:4      | Found a glowing silver altar of Zin.
  3843 | D:4      | Noticed Natasha
  3862 | D:4      | Reached skill level 5 in Spellcasting
  3876 | D:3      | HP: 1/29 [Natasha (7)]
  3878 | D:3      | Slain by Natasha

Illustrated notes

Levels and vault maps discovered:
D:1:      roderic_chinese_lattice_arrival, layout_rooms,
          hellmonk_ecumenical_altar_leap_of_faith
D:2:      layout_rooms, serial_shops, nicolae_shop_crystal, basic_altar
D:3:      layout_loops_ring, serial_shops, nicolae_shop_crystal,
          minmay_misc_feat_tiny, uniq_crazy_yiuf_cottage, uniq_sigmund
D:4:      layout_cave_pools, kennysheep_mini_moat, grunt_temple_overflow_open,
          minmay_temple_entry_overgrown, uniq_natasha

Skill      XL: |  1  2  3  4  5  6 |
---------------+-------------------+-----
Conjurations   | 3 4 |  4.7
Spellcasting   | 3 4 5 |  5.1
Dodging        | 3 |  3.7
Fighting       | |  0.3
Staves         | |  0.1
Stealth        | |  3.9

Action                   |  1- 3 |  4- 6 || total
-------------------------+-------+-------++-------
Melee: Unarmed           |     5 |       ||     5
       Dagger            |     7 |     6 ||    13
       Quarterstaff      |       |    16 ||    16
 Cast: Magic Dart        |    66 |    61 ||   127
       Searing Ray       |     6 |    14 ||    20
  Use: Scroll            |       |     7 ||     7
       Potion            |       |     2 ||     2
Armor: Robe              |       |     1 ||     1
Dodge: Dodged            |    17 |    40 ||    57
